 Dungeon Crawl Stone Soup version 0.28.0-47-ge53b351184 (webtiles) character file.

Game seed: 9462095303199721754

73 subsume the Magician (level 4, 0/31 HPs)
             Began as a Djinni Ice Elementalist on Apr 27, 2022.
             Splashed by a jelly's acid (12 damage)
             ... on level 4 of the Dungeon.
             The game lasted 00:18:02 (1569 turns).

subsume the Magician (Djinni Ice Elementalist)      Turns: 1569, Time: 00:18:02

Health: 0/31       AC:  2    Str:  7    XL:     4   Next: 51%
Gold:   44         EV: 12    Int: 18    God:
                   SH:  5    Dex: 14

rFire   + + .      SeeInvis .   m - +0 flail (drain)
rCold   x . .      Faith    .   (no shield)
rNeg    . . .      Spirit   .   a - +0 robe
rPois   ∞          Reflect  +   (no helmet)
rElec   .          Harm     .   j - scarf {repulsion}
rCorr   .          Rampage  .   (no gloves)
Will    .....                   (boots unavailable)
Stlth   ++........              l - amulet of reflection
HPRegen 0.10/turn               (no ring)
MPRegen 0.00/turn               (no ring)

@: flying, repel missiles
A: sickness immunity, fire resistance 2, cold vulnerability 1, float, innate
caster, HP casting, extra vitality 1
a: no special abilities


You were on level 4 of the Dungeon.
You visited 1 branch of the dungeon, and saw 4 of its levels.

You collected 44 gold pieces.

Inventory:

Hand Weapons
 b - a +0 hunting sling
 h - a +0 whip
 m - a +0 flail of draining (weapon)
Armour
 a - a +0 robe (worn)
 j - a scarf of repulsion (worn)
Jewellery
 l - an amulet of reflection (around neck)
Scrolls
 c - a scroll of immolation {unknown}
 e - a scroll of amnesia {unknown}
 f - a scroll of silence {unknown}
 k - a scroll of fog {unknown}
 o - 2 scrolls of teleportation
 r - a scroll of identify {unknown}
Potions
 d - a potion of ambrosia {unknown}
 g - a potion of might
 i - a potion of resistance {unknown}
 n - 2 potions of lignification {unknown}
 p - a potion of curing {unknown}
 q - a potion of heal wounds {unknown}
 s - a potion of berserk rage {unknown}


   Skills:
 - Level 2.1 Dodging
 - Level 1.6 Stealth
 + Level 4.4 Spellcasting


You couldn't memorise any spells.
You knew the following spells:

 Your Spells              Type           Power      Damage    Failure   Level
a - Freeze                Ice            80%        1d9       2%          1
b - Frozen Ramparts       Ice            40%        1d6       7%          3
c - Ozocubu's Armour      Ice            20%        N/A       7%          3
d - Hailstorm             Conj/Ice       20%        3d6       22%         4
e - Summon Small Mammal   Summ           80%        N/A       2%          1
Your spell library was empty.

Dungeon Overview and Level Annotations

Branches:
Dungeon (3/15)

Altars:

Annotations:
D:2 Terence


Innate Abilities, Weirdness & Mutations

You are immune to sickness and miasma.
You are immune to poison.
Your flesh is very heat resistant. (rF++)
You are vulnerable to cold. (rC-)
You float through the air rather than walking.
You learn spells naturally, not from books.
Your magical power is your life essence.
You have superior vitality. (+4 MHP)


Message History

You see here 26 sling bullets.
You hear a distant slurping noise.
You hear a squelching noise.
r - a scroll labelled NUAZXIA FEHORCH
As you read the scroll labelled WUIPIBITULE, it crumbles to dust.
You feel strangely unstable.
It was a scroll of teleportation.
Your surroundings suddenly seem different.
You hear a distant slurping noise.
You hear a distant slurping noise.
Found 27 stones.
You reach down and open the door.
Found 8 gold pieces.
There is an open door here.
A phantom and an endoplasm come into view.
The endoplasm quivers.
There is an open door here.
You barely miss the endoplasm.
The endoplasm hits you but does no damage.
You hit the endoplasm.
The endoplasm is severely wounded.
You block the endoplasm's attack. The endoplasm freezes you.
You are frozen.
You hit the endoplasm.
You kill the endoplasm!
You hear a distant slurping noise.
Found a white potion.
s - a white potion A jelly comes into view.
Found a scroll of teleportation.
Found 21 sling bullets.
o - 2 scrolls of teleportation (gained 1)
The jelly quivers.
You hit the jelly.
Your hands burn!
The jelly is lightly wounded.
The jelly barely misses you.
You hit the jelly. You drain the jelly.
Your hands burn!
The jelly is heavily wounded.
The jelly hits you.
You are splashed with acid!
The jelly hits you.
You are splashed with acid!
You die...

#.....##............##
#....................#
#...(................#
#....................#
#....................#
#.....################
#.....##......##...#
..#.....#............#
........#.....@J#
..#.............# .
####.######.#######
... #..........(.
#.... #............
...... #............
.#.... #............
#.... #............
+............


You could see a jelly (drained).

Vanquished Creatures
  An iguana (D:4)
  An adder (D:4)
  A worm (D:2)
  An orc (D:4)
  5 endoplasms
  A giant cockroach (D:4)
  2 goblins
  4 jackals (D:1)
  4 kobolds
  3 ball pythons
  4 bats
  2 frilled lizards (D:1)
  3 rats
32 creatures vanquished.

Notes
Turn   | Place    | Note
-------+----------+-------------------------------------------
     0 | D:1      | subsume the Djinni Ice Elementalist began the quest for the
                  | Orb.
     0 | D:1      | Reached XP level 1. HP: 15/15 MP: 0/0
   140 | D:1      | Reached XP level 2. HP: 15/21 MP: 0/0
   601 | D:1      | Reached XP level 3. HP: 16/25 MP: 0/0
   601 | D:1      | Learned a level 1 spell: Summon Small Mammal
   651 | D:2      | Noticed Terence
   783 | D:2      | Reached skill level 4 in Spellcasting
  1136 | D:3      | You are sucked into a shaft and drop 1 floor!
  1223 | D:4      | Reached XP level 4. HP: 7/31 MP: 0/0
  1533 | D:4      | Noticed a phantom
  1569 | D:4      | Splashed by a jelly's acid

Illustrated notes

Levels and vault maps discovered:
D:1:      wheals_arrival_linesprint, layout_loops_cross, serial_park_tiny_1,
          corexii_corridor_pit
D:2:      layout_rooms, nicolae_ecumenical_lake_church, uniq_terence
D:3:      layout_loops_ring, nzn_wu_jian_council_hall, serial_shops, shop,
          kennysheep_big_empty_room, roderic_roman_lattice, uniq_jessica
D:4:      layout_gridville, uniq_edmund

Skill      XL: |  1  2  3 |
---------------+----------+-----
Spellcasting   | 4 |  4.4
Dodging        | |  2.1
Stealth        | |  1.6

Action                   |  1- 3 |  4- 6 || total
-------------------------+-------+-------++-------
Melee: Whip              |    14 |       ||    14
       Flail             |    10 |    12 ||    22
 Cast: Freeze            |    38 |       ||    38
  Use: Potion            |     1 |       ||     1
       Scroll            |       |     1 ||     1
Armor: Robe              |    11 |     3 ||    14
Dodge: Dodged            |    32 |     7 ||    39
Block: Other             |    12 |     2 ||    14
       Reflection        |     1 |       ||     1
